 Dungeon Crawl Stone Soup version 0.30-a0-475-g03497ec522 (webtiles) character file.

Game seed: 8822841213932531417

16513 avis the Nimble (level 11, -1/89 HPs)
             Began as a Demigod Ice Elementalist on Dec 20, 2022.
             Slain by a reaper
             ... wielding a +2 scythe of venom
              (36 damage)
             ... in a Gauntlet on Dec 21, 2022.
             The game lasted 01:49:47 (14736 turns).

avis the Nimble (Demigod Ice Elementalist)         Turns: 14736, Time: 01:49:49

Health: -1/89      AC: 10    Str:  9    XL:     11   Next: 81%
Magic:  7/19       EV: 25    Int: 17    God:
Gold:   661        SH:  0    Dex: 32    Spells: 7/16 levels left

rFire   . . .      SeeInvis .    b - +2 shortbow (flame)
rCold   . . .      Faith    .    (shield currently unavailable)
rNeg    . . .      Spirit   .    E - +2 leather armour {Will+}
rPois   .          Reflect  .    (no helmet)
rElec   .          Harm     .    (no cloak)
rCorr   .          Rampage  .    (no gloves)
Will    ++...      NoTele   +    (no boots)
Stlth   +++.......               U - amulet of regeneration
HPRegen 1.14/turn                g - +4 ring of slaying
MPRegen 0.16/turn                r - +6 ring of dexterity

@: lethally poisoned (-1 -> -4), ice-armoured, freezing walls
A: high MP 1, forlorn, divine attributes
a: no special abilities


You were in a Gauntlet.
You visited 3 branches of the dungeon, and saw 13 of its levels.
You also visited: Gauntlet.

You collected 661 gold pieces.

Inventory:

Hand Weapons
 a - a +2 short sword of speed
 b - a +2 shortbow of flaming (weapon)
 w - a +2 short sword of holy wrath
Missiles
 n - 3 atropa-tipped darts
 o - 39 poisoned darts
 A - 2 curare-tipped darts
Armour
 E - a +2 leather armour of willpower (worn)
Jewellery
 g - a +4 ring of slaying (left hand)
 r - a +6 ring of dexterity (right hand)
 v - a ring of poison resistance
 G - a ring of protection from fire
 U - an amulet of regeneration (around neck)
 Z - a ring of resist corrosion
Wands
 q - a wand of polymorph (12)
 D - a wand of flame (24)
 N - a wand of roots (6)
Scrolls
 c - a scroll of magic mapping
 e - a scroll of brand weapon {unknown}
 f - 3 scrolls of blinking {unknown}
 l - 3 scrolls of torment {unknown}
 m - 2 scrolls of fear {unknown}
 t - 3 scrolls of enchant weapon {unknown}
 u - 10 scrolls of teleportation {unknown}
 y - 2 scrolls of silence {unknown}
 I - 2 scrolls of poison {unknown}
 R - 2 scrolls of vulnerability {unknown}
 W - a scroll of fog
Potions
 d - 3 potions of lignification
 h - a potion of heal wounds
 j - 4 potions of magic
 k - 3 potions of curing
 s - a potion of brilliance
 x - a potion of resistance
 z - a potion of invisibility
 F - a potion of might
 T - 4 potions of ambrosia


   Skills:
 - Level 6.0 Fighting
 * Level 10.3 Ranged Weapons
 - Level 12.0 Dodging
 - Level 2.0 Stealth
 - Level 3.0 Spellcasting
 - Level 3.0 Translocations
 - Level 7.0 Ice Magic


You had 7 spell levels left.
You knew the following spells:

 Your Spells              Type           Power      Damage    Failure   Level
a - Freeze                Ice            100%       1d10      1%          1
b - Blink                 Tloc           24%        N/A       11%         2
o - Ozocubu's Armour      Ice            26%        N/A       4%          3
r - Frozen Ramparts       Ice            52%        1d8       4%          3

Your spell library contained the following spells:

 Spells                   Type           Power      Damage    Failure   Level
 Momentum Strike          Conj/Tloc      14%        3d8       21%         2
 Lesser Beckoning         Tloc           24%        N/A       22%         3
 Kiss of Death            Conj/Necr      8%         2d6       24%         1
 Sandblast                Erth           4%         2d4       24%         1
 Passwall                 Tmut/Erth      1%         N/A       36%         2
 Summon Ice Beast         Ice/Summ       14%        N/A       50%         4
 Confusing Touch          Hex            2%         N/A       58%         3
 Stone Arrow              Conj/Erth      4%         3d7       58%         3
 Metabolic Englaciation   Hex/Ice        7%         N/A       85%         5
 Dispel Undead            Necr           2%         3d7       94%         4
 Simulacrum               Ice/Necr       7%         N/A       100%        6


Dungeon Overview and Level Annotations

Branches:
Dungeon (9/15)             Temple (1/1) D:7            Lair (3/5) D:9
 Shoals (0/4) Lair:2        Snake (0/4) Lair:2      Gauntlet (1/1)
    Orc: D:9-12

Shops:
D:8 *   D:9 (

Annotations:
D:7 2 runed translucent doors Gauntlet 7 transporters, exclusion: ice statue


Innate Abilities, Weirdness & Mutations

You have an increased reservoir of magic. (+10% MP)
You shall have no god before yourself.
Your divine heritage dramatically boosts your attributes as you level up.


Message History

The reaper completely misses you.
Okay, then.
Casting: Frozen Ramparts (mildly dangerous; 4% risk of failure)
Confirm with . or Enter, or press ? or * to list all spells.
Your icy armour and frozen ramparts will break if you move.
Continue?
You blink.
Your icy armour cracks and falls away as you move.
The frozen ramparts melt away as you move.
The hell hound barks!
The hellion gives a hideous shriek!
The hell hound barks!
The reaper closely misses you.
You feel much better.
The reaper hits you from afar with a +2 scythe of venom!!
Aiming: Fastroot
Press: ? - help, Shift-Dir - straight line, f/p - reaper
Aim: a reaper, wielding a +2 scythe of venom (moderately wounded)
The roots erupt in riotous growth!
Roots grab the reaper.
Roots grab the hellwing.
The grasping roots constrict the hellwing, but do no damage.
The grasping roots constrict the reaper, but do no damage.
The reaper completely misses you.
The grasping roots constrict the hellwing, but do no damage.
The grasping roots constrict the reaper.
The roots release their grip on the hellwing.
The roots release their grip on the reaper.
Casting: Blink (safe; 11% risk of failure)
Confirm with . or Enter, or press ? or * to list all spells.
A film of ice covers your body!
The smoke demon roars!
The reaper hits you but does no damage.
You are poisoned.
Casting: Ozocubu's Armour (mildly dangerous; 4% risk of failure)
Confirm with . or Enter, or press ? or * to list all spells.
Casting: Frozen Ramparts (mildly dangerous; 4% risk of failure)
Press: ? - help, Dir - look around, f - activate The walls around you are covered in ice.
You feel stable enough to blink again.
You feel very sick.
The reaper resists.
The wall freezes the reaper.
The reaper hits you from afar with a +2 scythe of venom!!!
You die...

##.....#©#.....#.........#..≈#
#≈..#########..#.#.#.#.#.#..##
##..#2......#..#..#.#.#..#..≈#
#≈..#h##..#.#..#.#.#.#.#.#..##
##..#3##©...#..#..#.©.#..#..≈#
#≈..#.^.###.#..#.#.#.#.#.#..##
##..#..^###.#..#.4#4#.#..#..≈#
#≈..#...###h#..#.#2#.#.#.#..##
##..#.[?©32h#..#@..?©?[..#..≈#
#§§.#########..###########..##
##§..........∩..............§#
#§...................§.....§##
###≈#≈#≈#≈########≈#≈#§#≈#≈##
#########.©..©.###########
#......# ..........
............


You could see a reaper, 2 hellwings, a smoke demon, a hellion and 2 hell hounds.

Vanquished Creatures
  A hydra (Lair:2)
  A mana viper (shapeshifter) (Gauntlet)
  A moth of wrath (Gauntlet)
  A black mamba (Lair:3)
  6 cane toads
  A rime drake (Lair:2)
  3 komodo dragons
  2 hornets (D:9)
  Prince Ribbit (D:8)
  A dream sheep (shapeshifter) (Gauntlet)
  9 blink frogs
  A shadow (D:9)
  3 wyverns
  20 yaks
  2 basilisks
  A steam dragon (D:8)
  2 acid dragons (D:9)
  12 water moccasins
  A sky beast (D:6)
  Duvessa (D:5)
  A black bear (D:7)
  2 ice beasts
  An orc warrior (D:7)
  2 ogres (D:6)
  10 centaurs
  3 wolves (Gauntlet)
  2 phantoms (D:5)
  6 kobold brigands
  3 bullfrogs
  10 wights
  2 necrophages
  Dowan (D:5)
  2 hounds (D:5)
  6 orc priests
  6 jellies
  5 iguanas
  12 orc wizards
  7 adders
  3 gnolls (D:3)
  2 shadow imps (D:7)
  3 white imps (D:5)
  2 ufetubi (D:5)
  2 worms (D:2)
  A dart slug (D:2)
  62 orcs
  11 ball pythons
  4 bats
  7 endoplasms
  6 giant cockroaches
  7 goblins
  11 hobgoblins
  3 jackals (D:3)
  3 quokkas (D:1)
  5 frilled lizards
  21 kobolds
  8 rats
312 creatures vanquished.

Vanquished Creatures (others)
  An orc (D:8)
  A kobold (D:8)
  8 fungi
  26 plants
36 creatures vanquished.

Grand Total: 348 creatures vanquished

Notes
Turn   | Place    | Note
-------+----------+-------------------------------------------
     0 | D:1      | avis the Demigod Ice Elementalist began the quest for the
                  | Orb.
     0 | D:1      | Reached XP level 1. HP: 14/14 MP: 5/5
   188 | D:1      | Reached XP level 2. HP: 13/20 MP: 4/7
   956 | D:2      | Reached XP level 3. HP: 26/26 MP: 7/9
  1263 | D:2      | Reached skill level 2 in Dodging
  1293 | D:2      | Learned a level 3 spell: Frozen Ramparts
  1372 | D:2      | Learned a level 3 spell: Ozocubu's Armour
  2295 | D:3      | Reached XP level 4. HP: 33/33 MP: 10/10
  2317 | D:3      | Reached skill level 5 in Ice Magic
  2872 | D:4      | Reached XP level 5. HP: 37/38 MP: 2/12
  3444 | D:4      | Reached skill level 1 in Fighting
  3550 | D:4      | Reached XP level 6. HP: 47/47 MP: 6/13
  4505 | D:5      | Entered Level 5 of the Dungeon
  4897 | D:5      | Reached skill level 3 in Dodging
  4897 | D:5      | Reached XP level 7. HP: 54/55 MP: 8/14
  4956 | D:5      | Noticed Duvessa
  4959 | D:5      | Noticed Dowan
  4977 | D:5      | Killed Duvessa
  4978 | D:5      | Reached skill level 4 in Dodging
  4982 | D:5      | Killed Dowan
  5194 | D:5      | Reached skill level 5 in Dodging
  5197 | D:5      | Learned a level 2 spell: Blink
  5383 | D:5      | Reached skill level 1 in Ranged Weapons
  5506 | D:5      | Reached skill level 1 in Translocations
  5589 | D:5      | Reached XP level 8. HP: 60/61 MP: 8/15
  6786 | D:6      | Reached skill level 6 in Dodging
  7057 | D:6      | Reached skill level 5 in Ranged Weapons
  7512 | D:7      | Reached XP level 9. HP: 67/69 MP: 12/16
  7972 | D:7      | Found a staircase to the Ecumenical Temple.
  7990 | Temple   | Entered the Ecumenical Temple
  8021 | D:7      | Found a large runed translucent door.
  8021 | D:7      | Found a large runed translucent door.
  8698 | D:8      | Reached skill level 7 in Dodging
  9005 | D:8      | Reached skill level 8 in Dodging
  9247 | D:8      | Found Welacw's Neck Hole.
  9624 | D:8      | Noticed Prince Ribbit
  9638 | D:8      | Killed Prince Ribbit
  9842 | D:8      | Reached XP level 10. HP: 78/78 MP: 11/17
 10187 | D:9      | Found a staircase to the Lair.
 10522 | D:9      | Paralysed by a hornet for 1 turns
 10653 | D:9      | Reached skill level 9 in Dodging
 11034 | D:9      | Found Nircheso's Weapon Shoppe.
 11382 | Lair:1   | Entered Level 1 of the Lair of Beasts
 11390 | Lair:1   | Reached skill level 10 in Dodging
 11418 | D:9      | Reached skill level 5 in Fighting
 11951 | Lair:1   | Reached XP level 11. HP: 86/86 MP: 12/19
 12057 | Lair:1   | You fall into a shaft and drop 1 floor!
 12076 | Lair:2   | Reached skill level 10 in Ranged Weapons
 12150 | Lair:2   | Noticed an eight-headed hydra
 12157 | Lair:2   | Killed an eight-headed hydra
 12342 | Lair:2   | Found a staircase to the Snake Pit.
 12472 | Lair:2   | Reached skill level 11 in Dodging
 13280 | Lair:1   | Upgraded the game from 0.30-a0-469-g84de5afbc5 to
                  | 0.30-a0-475-g03497ec522
 13531 | Lair:2   | Found a staircase to the Shoals.
 13623 | Lair:2   | Reached skill level 12 in Dodging
 14367 | Lair:3   | Found a gate leading to a gauntlet.
 14379 | Gauntlet | Entered a Gauntlet
 14379 | Gauntlet | Noticed an entropy weaver
 14379 | Gauntlet | Found a transporter.
 14379 | Gauntlet | Found a transporter.
 14379 | Gauntlet | Found a transporter.
 14401 | Gauntlet | Found a transporter.
 14417 | Gauntlet | Found a transporter.
 14422 | Gauntlet | Found a transporter.
 14436 | Gauntlet | Found a transporter.
 14440 | Gauntlet | Noticed a reaper
 14455 | Gauntlet | Found a transporter.
 14469 | Gauntlet | Found a transporter.
 14472 | Gauntlet | Found a transporter.
 14484 | Gauntlet | Found a transporter.
 14487 | Gauntlet | Found a transporter.
 14736 | Gauntlet | Slain by a reaper

Illustrated notes

Levels and vault maps discovered:
D:1:      minmay_arrival_four_circles, layout_loops_cross,
          shapermc_ecumenical_altar_petra
D:2:      layout_loops_ring, minmay_puff
D:3:      layout_rooms
D:4:      layout_layer_cave, mainiacjoe_overflow_surrounded_room, serial_rivers,
          chequers_serial_rivers_micro_c, chequers_serial_rivers_micro_e,
          chequers_serial_rivers_micro_b, chequers_serial_rivers_small_a,
          chequers_serial_rivers_small_b
D:5:      layout_basic, lightli_temple_of_fire, feat_on_display, uniq_duvessa
D:6:      layout_loops_cross, nemelex_dance_club_becter
D:7:      layout_loops_cross, mainiacjoe_overflow_boulevard,
          nicolae_overflow_crystal_walls, jmf_multi_god_temple2, temple_pool_b,
          kennysheep_generic_room_7
D:8:      layout_cave_pods, grunt_gozag_statues, minmay_misc_feat_cross,
          nicolae_shop_sticking_my_neck_out, uniq_prince_ribbit1
D:9:      layout_roguey [special_room_orc], worldfamousw_hep_ancestral_shrine,
          david_lair_shrubbed, serial_shops, shop, hangedman_decor_points,
          kennysheep_small_circle
Temple:   oiseaux_autumnal_temple
Lair:1:   layout_roguey, st_stairs_4, minivault_19
Lair:2:   layout_hall_layers, minmay_shoals_entry_centaurs, dummy_snake_entry,
          infiniplex_staircase_pool_2, grunt_megastairs_1
Lair:3:   layout_cellular_growth, gauntlet_entry_generic,
          eino_house_with_fridge, lemuel_fruit_fields, lemuel_fruit_tree
Gauntlet: minmay_gauntlet_mixed_big_or_small [nicolae_gauntlet_arena_quarters,
          minmay_gauntlet_arena_77_chump_sandwich,
          gammafunk_gauntlet_arena_crates, minmay_gauntlet_arena_77_box,
          gammafunk_gauntlet_arena_grid, minmay_gauntlet_arena_77_block_sizes,
          nicolae_gauntlet_exit_dead_adventurers]

Skill      XL: |  1  2  3  4  5  6  7  8  9 10 11 |
---------------+----------------------------------+-----
Ice Magic      | 4 5 6 7 |  7.0
Spellcasting   | 2 3 |  3.0
Stealth        | 2 |  2.0
Dodging        | 2 3 5 6 8 10 12 | 12.0
Fighting       | 1 2 3 4 5 6 |  6.0
Ranged Weapons | 2 5 7 9 10 | 10.3
Translocations | 1 2 3 |  3.0

Action                   |  1- 3 |  4- 6 |  7- 9 | 10-12 || total
-------------------------+-------+-------+-------+-------++-------
Melee: Dagger            |     9 |       |       |       ||     9
       Short sword       |     2 |    40 |    68 |       ||   110
       Punch             |       |     1 |     1 |       ||     2
 Fire: Sling             |    45 |    75 |       |       ||   120
       Shortbow          |       |       |   191 |   316 ||   507
       Arbalest          |       |       |     2 |       ||     2
 Cast: Freeze            |    49 |    20 |       |       ||    69
       Frozen Ramparts   |     2 |    17 |    30 |    45 ||    94
       Ozocubu's Armour  |       |    10 |    28 |    39 ||    77
       Blink             |       |       |       |     1 ||     1
Evoke: Wand              |       |       |       |     1 ||     1
  Use: Scroll            |       |     4 |     5 |     7 ||    16
       Potion            |       |       |     2 |     2 ||     4
 Stab: Sleeping          |     8 |       |     1 |       ||     9
Armor: Robe              |     6 |    12 |     2 |       ||    20
       Leather armour    |       |       |    27 |    31 ||    58
Dodge: Dodged            |    33 |    40 |   107 |   184 ||   364

Table legend: (Time is in decaauts)
 A = Elapsed time spent in this place.
 B = Non-inter-level travel time spent in this place.
 C = Inter-level travel time spent in this place.
 D = Time resting spent in this place.
 E = Time spent auto-exploring this place.
 F = Levels seen in this place.
 G = Mean time per level.
                   A        B        C        D        E       F      G
               +--------+--------+--------+--------+--------+-----+--------+
         Total |  14838 |  13348 |   1490 |   4158 |   5941 |  14 | 1059.9 |
       Dungeon |  11468 |  10277 |   1191 |   3203 |   4755 |   9 | 1274.2 |
        Temple |     42 |     41 |      1 |      0 |      7 |   1 |   42.0 |
          Lair |   2969 |   2671 |    298 |    880 |   1179 |   3 |  989.7 |
      Gauntlet |    357 |    357 |      0 |     75 |      0 |   1 |  357.0 |
               +--------+--------+--------+--------+--------+-----+--------+

Top non-repeatable levels by time:
     D:4: 1798 daAuts
     D:5: 1601 daAuts
  Lair:1: 1519 daAuts
     D:6: 1358 daAuts
     D:8: 1354 daAuts
  Lair:2: 1352 daAuts
     D:9: 1252 daAuts
     D:7: 1250 daAuts
     D:2: 1186 daAuts
     D:1: 1062 daAuts
     D:3: 602 daAuts
Gauntlet: 357 daAuts
  Lair:3: 97 daAuts
  Temple: 42 daAuts
